 Dungeon Sprint DCSS version 0.19-a0-376-gf780d9b (webtiles) character file.

4100000 namelastname112 the Intangible (level 24, -6/227 HPs)
             Began as a Demonspawn Gladiator on May 30, 2016.
             Was the Champion of Makhleb.
             Mangled by a destroyer
             ... wielding a +9 great sword of slicing
              (127 damage)
             ... in the Dungeon (Sprint VIII: "Arena of Blood").
             The game lasted 00:01:04 (41 turns).

namelastname112 the Intangible (Demonspawn Gladiator) Turns: 41, Time: 00:01:06

Health: -6/227     AC: 10    Str: 22    XL:     24   Next: 63%
Magic:  54/54      EV: 43    Int: 12    God:    Makhleb [******]
Gold:   0          SH:  0    Dex: 27    Spells: 0 memorised, 77 levels left

rFire  + . .     SeeInvis .     k - +∞ Axe of Woe
rCold  . . .     Gourm    .     a - +0 leather armour
rNeg   . . .     Faith    .     (shield currently unavailable)
rPois  .         Spirit   .     (helmet unavailable)
rElec  +         Dismiss  .     (no cloak)
rCorr  .         Reflect  .     (no gloves)
SustAt .         Harm     .     (no boots)
MR     +....     NoTele   +     (no amulet)
Stlth  ++++++++++               (no ring)
                                (no ring)

@: mighty, agile, somewhat resistant to hostile enchantments, uncannily stealthy
A: horns 3, thin metallic scales 3, fire resistance 1, foul stench 2, powered by
pain 3, rot immunity, flame cloud immunity
a: Minor Destruction, Lesser Servant of Makhleb, Major Destruction, Greater
Servant of Makhleb, Renounce Religion


You were in the Dungeon.
You worshipped Makhleb.
Makhleb was exalted by your worship.
You were not hungry.

You visited 1 branch

Inventory:

Hand Weapons
 k - the +∞ Axe of Woe (weapon)
   (You found it in the Dungeon)
Missiles
 c - 3 throwing nets (quivered)
Armour
 a - a +0 leather armour (worn)
 b - a +0 helmet
Scrolls
 j - a scroll of blinking
Potions
 e - a potion of curing
 f - a potion of heal wounds
 g - a potion of haste
 h - 2 potions of magic
 i - a potion of berserk rage
Comestibles
 d - a bread ration


   Skills:
 O Level 27 Fighting
 O Level 27 Axes
 O Level 27 Throwing
 O Level 27 Armour
 O Level 27 Dodging
 O Level 27 Stealth
 O Level 27 Unarmed Combat
 O Level 27 Spellcasting
 O Level 27 Invocations


You had 77 spell levels left.
You didn't know any spells.

Dungeon Overview and Level Annotations

Branches:
Dungeon (1/1)

Altars:
Makhleb


Innate Abilities, Weirdness & Mutations

You have a pair of large horns on your head.
You are completely covered in thin metallic scales. (AC +4, rElec)
Your flesh is heat resistant. (rF+)
You frequently emit foul miasma when damaged in melee.
You are powered by pain.
You are immune to rotting.
You are immune to clouds of flame.


Message History

An orc and a vampire knight come into view.
The destroyer is wielding a +9 great sword of slicing.
The bag of meat is engulfed in roaring flames.
The bag of meat hits you with a +9 war axe!!
You focus on the pain.
You feel your power returning.
You hear a shout! x4
The bag of meat hits you with a +9 war axe!
You focus on the pain.
You feel more agile all of a sudden.
You hear a shout!
The destroyer blinks!
You hear a shout!
The meat berserker is engulfed in roaring flames.
The meat berserker hits you with a +9 battleaxe!!!
The bag of meat misses you.
You hear a shout!
The destroyer is engulfed in roaring flames.
The destroyer hits you with a +9 great sword of slicing!!!!
Ouch! That really hurt!
You die...

.........
......oo. .
#.V.....# #o.
#.......#
.o..###VV.. ..###.
.oV....%%###......
#.O.O.o%._..o.o.
.......#§ooo%#.
.......#§@o._#
.......#OV§.o#
.#.....§oV_..z...
....§..oo###..%...
....###.o. ..###.
.... #... ..#
#.... .# ..... ..
......


You could see 5 destroyers, a sculptor of flesh, a meat berserker (berserk) and
12 bags of meat.

Vanquished Creatures
  Harold (D)
  4 vampire knights (D)
  10 ogres (D)
  22 orcs (D)
  2 hill giants (D)
  A skeletal warrior (D)
40 creatures vanquished.

Notes
Turn   | Place    | Note
--------------------------------------------------------------
     0 | D        | namelastname112 the Demonspawn Gladiator began the quest for the Orb.
     0 | D        | Reached XP level 1. HP: 16/16 MP: 1/1
     3 | D        | Noticed a bag of meat
     5 | D        | Noticed a bag of meat
     5 | D        | Noticed a bag of meat
     5 | D        | Noticed a bag of meat
     5 | D        | Noticed a bag of meat
     8 | D        | Became a worshipper of Makhleb the Destroyer
     9 | D        | Noticed a bag of meat
    11 | D        | Noticed a meat berserker
    11 | D        | Killed a bag of meat
    11 | D        | Reached skill level 10 in Fighting
    11 | D        | Gained mutation: You sometimes gain a little power by taking damage. [demonic ancestry]
    11 | D        | Reached XP level 2. HP: 36/36 MP: 2/2
    11 | D        | Reached XP level 3. HP: 42/42 MP: 3/3
    11 | D        | Gained mutation: You sometimes gain power by taking damage. [demonic ancestry]
    11 | D        | Reached XP level 4. HP: 49/49 MP: 4/4
    11 | D        | Reached XP level 5. HP: 54/54 MP: 5/5
    11 | D        | Gained mutation: You are partially covered in thin metallic scales. (AC +2) [demonic ancestry]
    11 | D        | Reached XP level 6. HP: 61/61 MP: 6/6
    11 | D        | Gained mutation: You have a pair of small horns on your head. [demonic ancestry]
    11 | D        | Reached XP level 7. HP: 67/67 MP: 7/7
    11 | D        | Reached XP level 8. HP: 74/74 MP: 8/8
    11 | D        | Gained mutation: You are mostly covered in thin metallic scales. (AC +3) [demonic ancestry]
    11 | D        | Reached XP level 9. HP: 79/79 MP: 9/9
    11 | D        | Gained mutation: You are powered by pain. [demonic ancestry]
    11 | D        | Reached XP level 10. HP: 86/86 MP: 10/10
    11 | D        | Reached XP level 11. HP: 92/92 MP: 11/11
    12 | D        | Killed a bag of meat
    12 | D        | Reached * piety under Makhleb
    12 | D        | Reached skill level 1 in Axes
    12 | D        | Reached skill level 10 in Throwing
    12 | D        | Gained mutation: You are completely covered in thin metallic scales. (AC +4, rElec) [demonic ancestry]
    12 | D        | Reached XP level 12. HP: 47/102 MP: 12/12
    12 | D        | Killed a bag of meat
    12 | D        | Gained mutation: You have a pair of horns on your head. [demonic ancestry]
    12 | D        | Reached XP level 13. HP: 51/111 MP: 13/13
    12 | D        | Killed a bag of meat
    12 | D        | Reached ** piety under Makhleb
    12 | D        | Gained mutation: You have a pair of large horns on your head. [demonic ancestry]
    12 | D        | Reached XP level 14. HP: 55/120 MP: 14/14
    13 | D        | Killed a meat berserker
    13 | D        | Reached skill level 15 in Fighting
    13 | D        | Reached skill level 5 in Axes
    13 | D        | Reached skill level 5 in Armour
    13 | D        | Gained mutation: You are immune to rotting. [demonic ancestry]
    13 | D        | Reached XP level 15. HP: 30/130 MP: 15/15
    13 | D        | Reached *** piety under Makhleb
    14 | D        | Noticed a meat berserker
    14 | D        | Noticed a meat berserker
    14 | D        | Reached skill level 15 in Throwing
    16 | D        | Noticed a large bag of meat
    16 | D        | Killed a meat berserker
    16 | D        | Gained mutation: You may emit foul miasma when damaged in melee. [demonic ancestry]
    16 | D        | Reached XP level 16. HP: 145/145 MP: 16/16
    17 | D        | Killed a meat berserker
    17 | D        | Reached **** piety under Makhleb
    17 | D        | Reached skill level 27 in Dodging
    17 | D        | Reached skill level 27 in Unarmed Combat
    17 | D        | Reached XP level 17. HP: 155/155 MP: 17/17
    18 | D        | Noticed a meat berserker
    19 | D        | Noticed a destroyer
    21 | D        | Noticed a meat berserker
    21 | D        | Killed a destroyer
    21 | D        | Reached skill level 10 in Armour
    21 | D        | Killed a large bag of meat
    21 | D        | Reached skill level 15 in Axes
    21 | D        | Reached XP level 18. HP: 175/175 MP: 18/18
    23 | D        | Killed a meat berserker
    23 | D        | Reached ***** piety under Makhleb
    24 | D        | Noticed a meat berserker
    24 | D        | Reached skill level 27 in Fighting
    25 | D        | Killed a meat berserker
    25 | D        | Reached skill level 15 in Armour
    25 | D        | Reached XP level 19. HP: 168/189 MP: 19/19
    25 | D        | Reached ****** piety under Makhleb
    26 | D        | Noticed The Servant
    26 | D        | Noticed a meat berserker
    26 | D        | Noticed a meat berserker
    26 | D        | Noticed a destroyer
    27 | D        | Noticed a destroyer
    27 | D        | Noticed a meat berserker
    27 | D        | Killed a meat berserker
    27 | D        | Reached skill level 27 in Throwing
    27 | D        | Reached skill level 27 in Axes
    27 | D        | Reached XP level 20. HP: 110/197 MP: 20/20
    27 | D        | Killed a meat berserker
    28 | D        | Noticed a meat berserker
    28 | D        | Noticed a meat berserker
    28 | D        | Noticed a destroyer
    28 | D        | Reached skill level 27 in Armour
    28 | D        | Reached skill level 15 in Invocations
    29 | D        | Reached XP level 21. HP: 204/204 MP: 20/38
    29 | D        | Reached skill level 15 in Spellcasting
    31 | D        | Killed a destroyer
    31 | D        | Reached skill level 27 in Invocations
    32 | D        | Gained mutation: Your flesh is heat resistant. (rF+) [demonic ancestry]
    32 | D        | Reached XP level 22. HP: 212/212 MP: 41/48
    33 | D        | Reached skill level 27 in Stealth
    35 | D        | Killed The Servant
    35 | D        | Reached skill level 27 in Spellcasting
    35 | D        | Gained mutation: You are immune to clouds of flame. [demonic ancestry]
    35 | D        | Reached XP level 23. HP: 164/219 MP: 42/54
    36 | D        | Noticed a destroyer
    37 | D        | Noticed a destroyer
    37 | D        | Noticed a destroyer
    37 | D        | Killed a destroyer
    39 | D        | Killed a destroyer
    39 | D        | Gained mutation: You frequently emit foul miasma when damaged in melee. [demonic ancestry]
    39 | D        | Reached XP level 24. HP: 227/227 MP: 43/54
    39 | D        | Noticed a destroyer
    41 | D        | Noticed a destroyer
    41 | D        | Noticed a destroyer
    41 | D        | Mangled by a destroyer

Vault maps used:
D:        meatsprint

Skill      XL: |  1  2  3  4  5  6  7  8  9 10 11 12 13 14 15 16 17 18 19 20 21 22 |
---------------+-------------------------------------------------------------------+-----
Fighting       | 10 12 13 14 15 18 20 24 27 | 27.0
Throwing       | 9 10 11 12 13 16 17 20 25 27 | 27.0
Dodging        | 16 18 20 21 23 26 27 | 27.0
Unarmed Combat | 16 18 20 21 22 25 27 | 27.0
Axes           | 1 2 3 5 9 11 15 22 27 | 27.0
Armour         | 2 3 5 7 8 11 15 20 27 | 27.0
Stealth        | 14 23 27 | 27.0
Spellcasting   | 13 22 27 | 27.0
Invocations    | 17 27 | 27.0

Action                   |  1- 3 |  4- 6 |  7- 9 | 10-12 | 13-15 | 16-18 | 19-21 | 22-24 || total
-------------------------+-------+-------+-------+-------+-------+-------+-------+-------++-------
Melee: Executioner's axe |     1 |       |       |     1 |     3 |     5 |     5 |     6 ||    21
Dodge: Dodged            |       |       |       |       |     1 |     2 |     1 |     1 ||     5
